 Dungeon Crawl Stone Soup version 0.27.0-1-g7a089689b8 (webtiles) character file.

Game seed: 9785640096186110455

93 Crazydiamond the Sneak (level 4, 0/24 HPs)
             Began as a Vampire Enchanter on Aug 16, 2021.
             Slain by a white imp (3 damage)
             ... summoned by Natasha
             ... on level 3 of the Dungeon.
             The game lasted 00:09:02 (5108 turns).

Crazydiamond the Sneak (Vampire Enchanter)          Turns: 5108, Time: 00:09:03

Health: 0/24       AC:  3    Str:  3 (7)  XL:     4   Next: 37%
Magic:  7/7        EV: 11    Int: 14 (17) God:
Gold:   130        SH:  0    Dex: 23 (27) Spells: 1/7 levels left

rFire    . . .     SeeInvis +   p - +1 dagger (speed)
rCold    . . .     Faith    .   (no shield)
rNeg     . . .     Spirit   .   f - +0 leather armour
rPois    .         Reflect  .   (no helmet)
rElec    .         Harm     .   (no cloak)
rCorr    .         Rampage  .   (no gloves)
Will     .....                  (no boots)
Stlth    ++++......             (no amulet)
HPRegen  0.28/turn              j - +6 ring of dexterity
MPRegen  0.10/turn              q - +6 ring of dexterity

@: healing quickly
A: alive, fangs 3, see invisible, vampiric 2, [frail 2]
a: Exsanguinate


You were on level 3 of the Dungeon.
You visited 1 branch of the dungeon, and saw 3 of its levels.

You collected 130 gold pieces.

Inventory:

Hand Weapons
 a - a +1 dagger
 l - a +0 short sword
 p - a +1 dagger of speed (weapon)
Missiles
 i - 2 boomerangs
Armour
 b - a +0 robe
 f - a +0 leather armour (worn)
Jewellery
 j - a +6 ring of dexterity (left hand)
 q - a +6 ring of dexterity (right hand)
Scrolls
 c - a scroll of amnesia {unknown}
 d - a scroll of enchant weapon
 m - a scroll of immolation {unknown}
 n - a scroll of summoning {unknown}
 o - a scroll of magic mapping {unknown}
 r - a scroll of identify {unknown}
Potions
 e - a potion of might {unknown}
 g - 2 potions of haste {unknown}
 h - a potion of resistance {unknown}
 k - 4 potions of curing {unknown}


   Skills:
 + Level 0.5 Fighting
 + Level 1.9 Short Blades
 + Level 0.5 Armour
 + Level 2.2 Dodging
 + Level 6.7 Stealth
 + Level 2.2 Spellcasting
 + Level 4.7 Hexes


You had one spell level left.
You knew the following spells:

 Your Spells              Type           Power      Damage    Failure   Level
a - Corona                Hex            15%        N/A       6%          1
b - Ensorcelled Hibernat  Hex/Ice        16%        N/A       26%         2
c - Confusing Touch       Hex            14%        N/A       19%         3

Your spell library contained the following spells:

 Spells                   Type           Power      Damage    Failure   Level
 Tukima's Dance           Hex            14%        N/A       19%         3
 Dazzling Flash           Conj/Hex       16%        N/A       45%         3


Dungeon Overview and Level Annotations

Branches:
Dungeon (3/15)

Altars:

Annotations:
D:2 Terence
D:3 Natasha, Purgy


Innate Abilities, Weirdness & Mutations

Your natural rate of healing is accelerated.
You have razor-sharp teeth.
You have supernaturally acute eyesight. (SInv)
You are afflicted with vampirism and can become a bat while bloodless.
[You are very frail. (-20% HP)]


Message History

Natasha is almost dead.
Natasha barely misses you.
You hit Natasha but do no damage.
Natasha is almost dead.
The crimson imp blinks!
You hit Natasha.
You kill Natasha!
Natasha yowls pathetically as she dies!
The crimson imp disappears in a puff of smoke!
You feel your intelligence returning.
You have reached level 4!
You see here the felid corpse of Natasha.
You start resting.
HP restored.
You open the door.
There is an open door here.
An adder comes into view.
Found a scroll labelled VAKHE DYZIOQI.
The helpless adder fails to defend itself.
You impale the adder!!
You kill the adder!
r - a scroll labelled VAKHE DYZIOQI Natasha, Servant of Life and Death comes into view.
Natasha hisses angrily.
You barely miss Natasha.
Natasha mumbles some strange words.
You closely miss Natasha. Natasha claws you.
You closely miss Natasha. The white imp gestures at you.
The puff of frost hits you.
You barely miss Natasha. Natasha claws you.
As you read the scroll labelled XIJEDU UTSIEL, it crumbles to dust.
It is a scroll of enchant weapon.
Your +0 dagger of speed glows red for a moment.
Natasha claws you.
* * * LOW HITPOINT WARNING * * *
The white imp hits you.
* * * LOW HITPOINT WARNING * * *
The white imp freezes you.
You die...

#.# #+# #.# #.# #.# #.# #.#
#.# #.# #.#######
##.##########.# #.......#
##.............#
#######.####.....##########
#.....###...##
#.#.#.####h.# #.#.....@5..#
#.###.####.## #.....# #.#
##########.### #........#
####### #.####.#.# #.....#
#.# #.#.# #.###.# #.#
##.#.##
#.###.###.###.....##


You could see Natasha and a white imp (summoned).

Vanquished Creatures
  Natasha (D:3)
  2 adders
  5 dart slugs (D:1)
  An orc (D:3)
  5 endoplasms
  4 giant cockroaches
  2 goblins
  3 hobgoblins
  5 kobolds
  7 ball pythons
  3 bats
  3 frilled lizards (D:1)
  A rat (D:1)
42 creatures vanquished.

Notes
Turn   | Place    | Note
-------+----------+-------------------------------------------
     0 | D:1      | Crazydiamond the Vampire Enchanter began the quest for the
                  | Orb.
     0 | D:1      | Reached XP level 1. HP: 13/13 MP: 3/3
   284 | D:1      | Reached skill level 5 in Stealth
   288 | D:1      | Reached XP level 2. HP: 15/15 MP: 5/5
   998 | D:1      | Gained mutation: You are afflicted with vampirism and can
                  | become a bat while bloodless. [Vampire growth]
   998 | D:1      | Reached XP level 3. HP: 19/19 MP: 6/6
  1168 | D:1      | Found a faded altar of an unknown god.
  1403 | D:2      | Reached skill level 6 in Stealth
  1807 | D:2      | Noticed Terence
  2238 | D:3      | Noticed Purgy
  2442 | D:3      | Learned a level 2 spell: Ensorcelled Hibernation
  2446 | D:3      | Learned a level 3 spell: Confusing Touch
  4907 | D:3      | Noticed Natasha
  5004 | D:3      | Killed Natasha
  5005 | D:3      | Reached XP level 4. HP: 10/24 MP: 7/7
  5094 | D:3      | Noticed Natasha
  5108 | D:3      | Slain by a white imp

Illustrated notes

Levels and vault maps discovered:
D:1:      matt_arrival_los_fun, layout_loops_ring,
          shapermc_ecumenical_altar_mp_urbaneastern, grunt_decor_mini_mirrors
D:2:      layout_rooms, uniq_terence
D:3:      layout_loops_corners, uniq_purgy, uniq_natasha

Skill      XL: |  1  2  3 |
---------------+----------+-----
Stealth        | 5 6 |  6.7
Fighting       | |  0.5
Short Blades   | |  1.9
Armour         | |  0.5
Dodging        | |  2.2
Spellcasting   | |  2.2
Hexes          | |  4.7

Action                   |  1- 3 |  4- 6 || total
-------------------------+-------+-------++-------
Melee: Dagger            |    71 |     5 ||    76
       Bite              |    11 |       ||    11
       Short sword       |    41 |       ||    41
       Unarmed           |     3 |       ||     3
Throw: Boomerang         |     1 |       ||     1
 Cast: Corona            |     1 |       ||     1
 Abil: Exsanguinate      |     2 |       ||     2
       Bat Form          |     2 |       ||     2
       Revivify          |     2 |       ||     2
  Use: Scroll            |       |     1 ||     1
 Stab: Sleeping          |    26 |     1 ||    27
       Distracted        |     1 |       ||     1
Armor: Leather armour    |    15 |       ||    15
Dodge: Dodged            |    43 |       ||    43
